 Dungeon Crawl Stone Soup version 0.28.0-53-g5a82cb258f (webtiles) character file.

Game seed: 3562006511281368886

34304 Zeld the Thaumaturge (level 13, -1/63 HPs)
             Began as a Gargoyle Ice Elementalist on May 31, 2022.
             Was an Initiate of Gozag.
             Slain by a nagaraja skeleton (4 damage)
             ... on level 2 of the Abyss.
             The game lasted 00:46:50 (34653 turns).

Zeld the Thaumaturge (Gargoyle Ice Elementalist)   Turns: 34653, Time: 00:46:51

Health: -1/63      AC: 23    Str: 19      XL:     13   Next: 76%
Magic:  24/24      EV: 10    Int: 11 (20) God:    Gozag
Gold:   1199       SH:  0    Dex: 14      Spells: 15/40 levels left

rFire   . . .      SeeInvis +   a - +11 war axe of the Mushroom {freeze, rElec Dex+4}
rCold   + + +      Faith    .   (no shield)
rNeg    + . .      Spirit   .   C - +4 skin of Zhor {*Englaciate rC+++ SInv}
rPois   ∞          Reflect  .   t - +2 helmet
rElec   +          Harm     .   k - +2 cloak
rCorr   .          Rampage  .   (no gloves)
Will    .....      Rage     3%  i - +2 pair of boots
Stlth   ++........              q - amulet of regeneration
HPRegen 0.00/turn               e - ring of wizardry
MPRegen 0.19/turn               u - +6 ring of strength

@: inhibited regen, constricted, unable to read, very slow
A: sickness immunity, AC +9, negative energy resistance 1, electricity
resistance, torment resistance 1, petrification resistance, inhibited
regeneration, inability to read while threatened, [berserk 2], [deformed body],
[low MP 2], screaming 1[+1]
a: Renounce Religion, Potion Petition, Call Merchant, Bribe Branch


You were on level 2 of the Abyss.
You worshipped Gozag.
Gozag was most pleased with you.
You visited 3 branches of the dungeon, and saw 18 of its levels.
You visited the Abyss 1 time.
You also visited: Sewer, Bailey and Gauntlet.

You collected 3270 gold pieces.
You spent 688 gold pieces at shops.
You paid 1383 gold pieces to Gozag.

Inventory:

Hand Weapons
 a - the +11 war axe of the Mushroom (weapon) {freeze, rElec Dex+4}
   (You took it off a centaur on level 12 of the Dungeon)

   It freezes those it strikes, dealing additional cold damage.
   It can also slow down cold-blooded creatures.
   Dex:       It affects your dexterity (+4).
   rElec:     It insulates you from electricity.
 b - a +3 shortbow
 N - a +0 demon whip of freezing
Missiles
 m - 690 arrows
Armour
 i - a +2 pair of boots (worn)
 k - a +2 cloak (worn)
 t - a +2 helmet (worn)
 C - the +4 skin of Zhor (worn) {*Englaciate rC+++ SInv}
   (You found it on level 9 of the Dungeon)

   It radiates cold, occasionally slowing all nearby creatures who are not
   resistant to cold.
   rC:        It renders you almost immune to cold.
   SInv:      It lets you see invisible.
 P - the +0 hat "Utoen" {Harm rPois rF+ Int-5}
   (You found it in a Gauntlet)

   Int:       It affects your intelligence (-5).
   rF:        It protects you from fire.
   rPois:     It protects you from poison.
   Harm:      It increases damage dealt and taken.
Jewellery
 e - a ring of wizardry (left hand)
 q - an amulet of regeneration (around neck)
 u - a +6 ring of strength (right hand)
Wands
 d - a wand of iceblast (12)
 g - a wand of flame (43)
 n - a wand of acid (8)
 y - a wand of mindburst (8)
 E - a wand of digging (6)
 J - a wand of paralysis (1)
Scrolls
 c - 4 scrolls of teleportation
 l - a scroll of enchant weapon
 F - 3 scrolls of amnesia
 G - a scroll of fog
 L - a scroll of holy word
 M - 3 scrolls of identify
 O - a scroll of fear
Potions
 h - 7 potions of curing
 j - a potion of flight
 o - 3 potions of attraction
 p - 3 potions of mutation
 r - 2 potions of invisibility
 s - 3 potions of might
 v - a potion of brilliance {unknown}
 w - 3 potions of experience {unknown}
 x - 2 potions of cancellation {unknown}
 z - 3 potions of lignification {unknown}
 A - 2 potions of resistance {unknown}
 B - 2 potions of haste
 D - a potion of berserk rage {unknown}
 H - a potion of magic {unknown}
 K - 2 potions of ambrosia
Miscellaneous
 f - a box of beasts


   Skills:
 + Level 9.4 Maces & Flails
 - Level 4.0 Dodging
 - Level 4.0 Stealth
 * Level 14.0 Spellcasting
 * Level 10.0 Conjurations
 - Level 8.0 Translocations
 - Level 8.0 Ice Magic


You had 15 spell levels left.
You knew the following spells:

 Your Spells              Type           Power      Damage    Failure   Level
a - Freeze                Ice            100%       1d11      1%          1
b - Frozen Ramparts       Ice            50%        1d7       1%          3
c - Ozocubu's Armour      Ice            25%        N/A       1%          3
d - Summon Ice Beast      Ice/Summ       16%        N/A       6%          4
x - Blink                 Tloc           50%        N/A       1%          2
y - Manifold Assault      Tloc           25%        N/A       3%          5
z - Orb of Destruction    Conj           14%        9d7       41%         7

Your spell library contained the following spells:

 Spells                   Type           Power      Damage    Failure   Level
 Magic Dart               Conj           100%       1d8       1%          1
 Ensorcelled Hibernation  Hex/Ice        32%        N/A       1%          2
 Static Discharge         Conj/Air       18%        N/A       1%          2
 Dazzling Flash           Conj/Hex       36%        N/A       1%          3
 Gell's Gravitas          Tloc           25%        N/A       1%          3
 Lesser Beckoning         Tloc           25%        N/A       1%          3
 Teleport Other           Tloc           25%        N/A       1%          3
 Hailstorm                Conj/Ice       27%        3d7       1%          4
 Mephitic Cloud           Conj/Pois/Air  15%        N/A       2%          3
 Beastly Appendage        Tmut           14%        N/A       3%          1
 Sting                    Tmut/Pois      28%        1d4       3%          1
 Sticky Flame             Conj/Fire      18%        2d4       4%          4
 Call Imp                 Summ           7%         N/A       5%          2
 Poisonous Vapours        Pois/Air       14%        N/A       5%          2
 Wereblood                Tmut           7%         N/A       5%          2
 Ice Form                 Ice/Tmut       16%        N/A       6%          4
 Spider Form              Tmut/Pois      7%         N/A       11%         3
 Summon Guardian Golem    Hex/Summ       7%         N/A       11%         3
 Anguish                  Hex/Necr       3%         N/A       32%         4
 Dispel Undead            Necr           7%         3d8       32%         4
 Olgreb's Toxic Radiance  Pois           7%         N/A       32%         4
 Conjure Ball Lightning   Conj/Air       9%         3x3d6     52%         6
 Agony                    Necr           7%         N/A       65%         5
 Silence                  Hex/Air        3%         N/A       65%         5
 Spellforged Servitor     Conj/Summ      9%         N/A       97%         7
 Storm Form               Tmut/Air       3%         N/A       100%        7
 Discord                  Hex            3%         N/A       100%        8
 Disjunction              Tloc           12%        N/A       100%        8


Dungeon Overview and Level Annotations

Branches:
Dungeon (14/15)            Temple (1/1) D:5            Lair (3/6) D:10
 Spider (0/4) Lair:3          Orc (0/2) D:9          Vaults (0/5) D:13
  Sewer (visited)          Bailey (visited)         Gauntlet (visited)
  Swamp: Lair:2-4    Shoals: Lair:2-4

Altars:
Ashenzari
Cheibriados
Dithmenos
Elyvilon
Fedhas
Gozag
Hepliaklqana
Kikubaaqudgha
Makhleb
Nemelex Xobeh
Okawaru
Qazlal
Ru
Sif Muna
Trog
Uskayaw
Vehumet
Wu Jian
Xom
Yredelemnul
Zin
The Shining One

Shops:
D:2 *   D:4 !   D:5 *   D:8 ?   D:9 :   D:14 (   Lair:1 *

Annotations:
Gauntlet 13 transporters, 21 runed translucent doors, exclusion: obsidian statue


Innate Abilities, Weirdness & Mutations

You are immune to sickness and miasma.
Your stone body is resilient. (AC +9)
You are immune to poison.
You resist negative energy. (rN+)
You are resistant to electric shocks. (rElec)
You are resistant to unholy torment.
You are immune to petrification.
You do not regenerate when monsters are visible.
You sometimes lose the ability to read scrolls when taking damage.
[You often lose your temper in combat.]
[Armour fits poorly on your strangely shaped body.]
[Your magical capacity is very low. (-20% MP)]
[You frequently scream uncontrollably at your foes.]


Message History

The nagaraja skeleton constricts you.
Your unstable footing causes you to fumble your attack.
You radiate an aura of cold.
The nagaraja skeleton is unaffected.
You hit the nagaraja skeleton. You punch the nagaraja skeleton.
The nagaraja skeleton is moderately damaged.
The nagaraja skeleton closely misses you.
The nagaraja skeleton constricts you.
You feel threatened and lose the ability to read scrolls!
* * * LOW HITPOINT WARNING * * *
You slice the nagaraja skeleton!!
The nagaraja skeleton is heavily damaged.
The nagaraja skeleton hits you but does no damage.
The nagaraja skeleton constricts you.
* * * LOW HITPOINT WARNING * * *
You escape the nagaraja skeleton's grasp.
You radiate an aura of cold.
The nagaraja skeleton is unaffected.
You radiate an aura of cold.
The nagaraja skeleton is unaffected.
You radiate an aura of cold.
The nagaraja skeleton is unaffected.
You can read scrolls again.
Okay, then.
You hit the nagaraja skeleton.
The nagaraja skeleton is severely damaged.
You radiate an aura of cold.
The nagaraja skeleton is unaffected.
You slash the nagaraja skeleton! You freeze the nagaraja skeleton.
The nagaraja skeleton is severely damaged.
You radiate an aura of cold.
The nagaraja skeleton is unaffected.
The nagaraja skeleton hits you but does no damage.
The nagaraja skeleton grabs you. The nagaraja skeleton constricts you.
Your unstable footing causes you to fumble your attack.
The nagaraja skeleton hits you!
* * * LOW HITPOINT WARNING * * *
The nagaraja skeleton constricts you.
Unknown command.
You hit the nagaraja skeleton.
The nagaraja skeleton is severely damaged.
You radiate an aura of cold.
The nagaraja skeleton is unaffected.
The nagaraja skeleton hits you.
You feel threatened and lose the ability to read scrolls!
You die...
Your body crumbles into a pile of gold.

#.....##.≈≈..
#.....≈≈≈≈≈≈.
#....≈..§.≈≈.
#....≈..§....
#....≈≈≈....
#.≈§≈≈.......
#.≈§≈........
#.Z≈≈.##.....
#@♣≈..#. ....
#.≈≈.........
#..≈≈...... .
#.#......#. .
........#.#
.#..#.#.##..
.##.. #....
§.## ...#


You could see a nagaraja skeleton.

Vanquished Creatures
  Frances (D:13)
  A vault guard (D:13)
  3 centaur warriors
  3 two-headed ogres
  Sonja (D:13)
  A deep elf pyromancer (Bailey)
  An orc knight (Bailey)
  Pikel (D:6)
  A shining eye (Abyss:2)
  5 ugly things
  2 manticores
  Maurice (D:13)
  An orange demon (Abyss:2)
  A gargoyle (D:11)
  2 cane toads
  3 rime drakes
  A hellion (Abyss:2)
  2 komodo dragons
  An unseen horror (D:12)
  An ice devil (Gauntlet)
  2 trolls
  2 ancient zymes (Abyss:2)
  A hornet (D:10)
  3 raiju (Abyss:2)
  15 blink frogs
  2 flying skulls (Abyss:2)
  Sigmund (D:2)
  31 yaks
  2 ynoxinuls (Abyss:2)
  A wyvern (D:9)
  2 large abominations (Abyss:2)
  A wraith (D:10)
  3 basilisks
  Grum (Lair:1)
  2 neqoxecs (Abyss:2)
  3 acid dragons
  3 swamp worms (Gauntlet)
  Duvessa (D:5)
  4 water moccasins
  A sky beast (D:5)
  6 black bears
  12 orc warriors
  2 ice beasts
  11 wolves
  25 centaurs
  5 ogres (D:8)
  A lemure (D:6)
  7 kobold brigands
  7 bullfrogs
  2 gnoll sergeants (D:6)
  2 wyvern zombies (D:8)
  2 scorpions (D:6)
  Dowan (D:5)
  9 killer bees
  4 small abominations (Abyss:2)
  6 wights
  8 howler monkeys
  A centaur zombie (D:9)
  A quasit (Abyss:2)
  A bullfrog skeleton (D:6)
  4 gnoll shamans
  2 jellies (D:8)
  2 centaur skeletons
  5 orc priests
  4 hounds
  An iron imp (Abyss:2)
  Natasha (thrice) (D:2)
  An iguana (Temple)
  5 orc wizards
  A killer bee zombie (D:7)
  A hound zombie (D:3)
  A howler monkey skeleton (D:7)
  27 gnolls
  15 adders
  5 river rats (Sewer)
  A shadow imp (D:8)
  5 white imps
  2 ufetubi (D:4)
  A worm (D:3)
  A dart slug (D:3)
  27 orcs
  An endoplasm (D:3)
  2 giant cockroaches
  5 goblins
  10 hobgoblins
  A jackal (Sewer)
  17 kobolds
  5 quokkas
  6 ball pythons
  4 bats
  3 frilled lizards
  10 rats
  A starspawn tentacle (Abyss:2)
406 creatures vanquished.

Vanquished Creatures (collateral kills)
  Erolcha (D:13)
  A hydra (Lair:2)
  A boulder beetle (Lair:2)
  A two-headed ogre (D:11)
  An ugly thing (D:11)
  2 centaurs (Lair:2)
  A bullfrog (Lair:2)
8 creatures vanquished.

Vanquished Creatures (others)
  A raiju (Abyss:2)
  3 demonic plants (Gauntlet)
  18 fungi
  34 plants
  4 starspawn tentacles (Abyss:2)
60 creatures vanquished.

Grand Total: 474 creatures vanquished

Notes
Turn   | Place    | Note
-------+----------+-------------------------------------------
     0 | D:1      | Zeld the Gargoyle Ice Elementalist began the quest for the
                  | Orb.
     0 | D:1      | Reached XP level 1. HP: 10/10 MP: 3/3
    40 | D:1      | Found a faded altar of an unknown god.
   650 | D:1      | Reached XP level 2. HP: 15/15 MP: 3/5
  1553 | D:2      | Found Copig's Assorted Antiques.
  1559 | D:2      | Bought a scroll labelled CAMOUD SUTASH for 23 gold pieces
  1852 | D:2      | Reached XP level 3. HP: 19/19 MP: 6/6
  1856 | D:2      | Learned a level 3 spell: Frozen Ramparts
  1860 | D:2      | Learned a level 3 spell: Ozocubu's Armour
  1872 | D:2      | Noticed Sigmund
  2912 | D:2      | Found a glowing golden altar of the Shining One.
  2979 | D:2      | Noticed Natasha
  2986 | D:2      | Killed Natasha
  3312 | D:2      | Reached XP level 4. HP: 24/24 MP: 8/8
  3466 | D:3      | Reached skill level 3 in Spellcasting
  4681 | D:3      | Learned a level 2 spell: Blink
  4747 | D:4      | Found Migicogo's Distillery.
  4824 | D:2      | Killed Sigmund
  4825 | D:2      | Reached skill level 4 in Spellcasting
  4825 | D:2      | Reached skill level 5 in Ice Magic
  4825 | D:2      | Reached XP level 5. HP: 28/28 MP: 1/11
  4825 | D:2      | Reached XP level 6. HP: 32/32 MP: 1/12
  5101 | D:2      | Found a glowing golden altar of the Shining One.
  5435 | D:2      | Noticed Natasha
  5444 | D:2      | Killed Natasha
  5825 | D:2      | Noticed Natasha
  5829 | D:2      | Killed Natasha
  6074 | D:2      | Bought a scroll labelled WELELA TUCVEFF for 23 gold pieces
  6074 | D:2      | Bought a scroll labelled ACKOEWN QUCZIOZAUL for 23 gold
                  | pieces
  6074 | D:2      | Bought a scroll labelled CAMOUD SUTASH for 23 gold pieces
  6887 | D:4      | Reached XP level 7. HP: 25/36 MP: 6/13
  7308 | D:4      | Learned a level 5 spell: Manifold Assault
  7407 | D:2      | Bought a scroll labelled QIDOIF NUUHUENK for 23 gold pieces
  7407 | D:2      | Bought a scroll labelled VAKOJA XUASETWE for 23 gold pieces
  7512 | D:5      | Entered Level 5 of the Dungeon
  7645 | D:5      | Found a glowing drain.
  7649 | Sewer    | Entered a sewer
  8343 | Sewer    | Reached skill level 5 in Spellcasting
  9197 | D:5      | Found a staircase to the Ecumenical Temple.
  9210 | Temple   | Entered the Ecumenical Temple
  9469 | D:5      | You fall into a shaft and drop 1 floor!
  9525 | D:6      | Found a glowing golden altar of the Shining One.
  9733 | D:6      | Noticed Pikel
 10322 | D:6      | Killed Pikel
 10323 | D:6      | Reached skill level 6 in Spellcasting
 10323 | D:6      | Reached XP level 8. HP: 41/41 MP: 4/17
 10642 | D:5      | Found Foubbana's Lightly-Used Armoury.
 10673 | Temple   | Became a worshipper of Gozag Ym Sagoz the Greedy
 10900 | D:5      | Noticed Dowan
 10903 | D:5      | Noticed Duvessa
 11345 | D:5      | Bought a -3 demon whip for 1 gold piece
 11795 | D:6      | Reached skill level 1 in Translocations
 12013 | D:6      | Reached skill level 7 in Spellcasting
 12013 | D:6      | Reached XP level 9. HP: 28/45 MP: 11/19
 12989 | D:4      | Bought a potion of heal wounds for 65 gold pieces
 12989 | D:4      | Bought a potion of heal wounds for 65 gold pieces
 12989 | D:4      | Bought a potion of curing for 39 gold pieces
 12989 | D:4      | Bought a potion of might for 52 gold pieces
 13108 | D:5      | Killed Duvessa
 13416 | D:5      | Found an ornate altar of the Wu Jian Council.
 13464 | D:5      | Killed Dowan
 14349 | D:7      | Reached skill level 8 in Spellcasting
 14529 | D:7      | Learned a level 7 spell: Orb of Destruction
 15844 | D:8      | Reached skill level 9 in Spellcasting
 15866 | D:8      | Reached XP level 10. HP: 41/50 MP: 7/23
 15960 | D:8      | Found a flagged portal.
 15969 | Bailey   | Entered a bailey
 16302 | Bailey   | Noticed an orc knight
 16313 | Bailey   | Killed an orc knight
 16365 | Bailey   | Reached skill level 10 in Spellcasting
 16365 | Bailey   | Reached skill level 5 in Translocations
 16579 | Bailey   | Found a large runed translucent door.
 16579 | Bailey   | Found a large runed translucent door.
 16580 | Bailey   | Noticed a deep elf pyromancer
 16966 | Bailey   | Killed a deep elf pyromancer
 16979 | Bailey   | Identified the +10 plate armour "Cazat" {Str+4 Dex+7}
 17615 | D:8      | Found a blossoming altar of Fedhas.
 17758 | D:8      | Reached skill level 1 in Maces & Flails
 18101 | D:8      | Reached skill level 11 in Spellcasting
 18533 | D:8      | Reached XP level 11. HP: 51/54 MP: 14/26
 19063 | D:8      | Bought a scroll of identify for 26 gold pieces
 19063 | D:8      | Bought a scroll of amnesia for 45 gold pieces
 19063 | D:8      | Bought a scroll of fog for 26 gold pieces
 19063 | D:8      | Bought a scroll of enchant armour for 97 gold pieces
 19063 | D:8      | Bought a scroll of fog for 26 gold pieces
 19063 | D:8      | Bought a scroll of teleportation for 39 gold pieces
 19063 | D:8      | Bought a scroll of teleportation for 39 gold pieces
 19105 | D:9      | Found Wixawaw's Book Emporium.
 19293 | D:9      | Found the +4 skin of Zhor {*Englaciate rC+++ SInv}
 19351 | D:9      | Found a radiant altar of Vehumet.
 19722 | D:9      | Found a staircase to the Orcish Mines.
 20389 | D:10     | Entered Level 10 of the Dungeon
 22250 | D:10     | Found a staircase to the Lair.
 22298 | D:10     | Reached skill level 12 in Spellcasting
 22511 | D:10     | Noticed a two-headed ogre
 22523 | D:10     | Killed a two-headed ogre
 23356 | D:11     | Learned a level 4 spell: Summon Ice Beast
 23421 | D:11     | Noticed a two-headed ogre
 23432 | D:11     | Killed a two-headed ogre
 23433 | D:11     | Reached skill level 5 in Maces & Flails
 23433 | D:11     | Reached skill level 1 in Conjurations
 23709 | D:11     | Noticed a cyan ugly thing
 23715 | D:11     | Killed a cyan ugly thing
 23824 | D:11     | Noticed a skeletal warrior
 23824 | D:11     | Noticed a skeletal warrior
 23824 | D:11     | Noticed a skeletal warrior
 23824 | D:11     | Noticed a skeletal warrior
 23941 | Lair:1   | Entered Level 1 of the Lair of Beasts
 24062 | Lair:1   | Found a white marble altar of Elyvilon.
 24213 | Lair:1   | Noticed Grum
 24235 | Lair:1   | Killed Grum
 24236 | Lair:1   | Reached XP level 12. HP: 5/59 MP: 8/28
 25098 | Lair:2   | Noticed a boulder beetle
 25100 | Lair:2   | Noticed a five-headed hydra
 26071 | Lair:1   | Bought a scroll of identify for 30 gold pieces
 26286 | Lair:2   | Reached skill level 5 in Conjurations
 26399 | Lair:2   | Found an iron altar of Okawaru.
 26480 | Lair:2   | Killed a boulder beetle
 27089 | Lair:2   | Killed a five-headed hydra
 27770 | Lair:3   | Noticed a boulder beetle
 28076 | Lair:3   | Found a hole to the Spider Nest.
 28768 | D:11     | Reached skill level 13 in Spellcasting
 28768 | D:11     | Reached XP level 13. HP: 58/63 MP: 11/30
 29862 | D:12     | Identified the +11 war axe of the Mushroom {freeze, rElec
                  | Dex+4}
 30290 | D:13     | Noticed Erolcha
 30322 | D:13     | Killed Erolcha
 30976 | D:13     | Noticed Maurice
 30981 | D:13     | Killed Maurice
 30982 | D:13     | Noticed a vault guard
 31005 | D:13     | Killed a vault guard
 31192 | D:13     | Found a gate to the Vaults.
 31302 | D:13     | Noticed Frances
 31316 | D:13     | Gained mutation: [You occasionally shout uncontrollably at
                  | your foes.] [a neqoxec]
 31323 | D:13     | Killed Frances
 31564 | D:13     | Noticed Sonja
 31584 | D:13     | Killed Sonja
 32416 | D:14     | Found a gate leading to a gauntlet.
 32417 | D:14     | Found Xeidgh's Weapon Emporium.
 32446 | Gauntlet | Entered a Gauntlet
 32446 | Gauntlet | Found a transporter.
 32447 | Gauntlet | Found a large runed translucent door.
 32448 | Gauntlet | Found a large runed translucent door.
 32449 | Gauntlet | Found a large runed translucent door.
 32449 | Gauntlet | Found a large runed translucent door.
 32449 | Gauntlet | Found a runed translucent door.
 32449 | Gauntlet | Found a runed translucent door.
 32450 | Gauntlet | Found a large runed translucent door.
 32451 | Gauntlet | Found a large runed translucent door.
 32452 | Gauntlet | Found a large runed translucent door.
 32452 | Gauntlet | Found a large runed translucent door.
 32453 | Gauntlet | Found a runed translucent gate.
 32453 | Gauntlet | Found a runed translucent gate.
 32453 | Gauntlet | Found a runed translucent gate.
 32455 | Gauntlet | Found a transporter.
 32464 | Gauntlet | Found a large runed translucent door.
 32464 | Gauntlet | Found a large runed translucent door.
 32465 | Gauntlet | Found a large runed translucent door.
 32466 | Gauntlet | Found a large runed translucent door.
 32470 | Gauntlet | Found a transporter.
 32475 | Gauntlet | Found a transporter.
 32490 | Gauntlet | Found a transporter.
 32509 | Gauntlet | Found a transporter.
 32521 | Gauntlet | Found a transporter.
 32530 | Gauntlet | Found a transporter.
 32545 | Gauntlet | Found a transporter.
 32557 | Gauntlet | Found a transporter.
 32563 | Gauntlet | Found a transporter.
 32563 | Gauntlet | Found a transporter.
 32565 | Gauntlet | Noticed a green death
 32602 | Gauntlet | Found a transporter.
 32628 | Gauntlet | Found a transporter.
 32630 | Gauntlet | Found a transporter.
 32646 | Gauntlet | Found a large runed translucent door.
 32646 | Gauntlet | Found a large runed translucent door.
 32647 | Gauntlet | Found a large runed translucent door.
 32648 | Gauntlet | Found a large runed translucent door.
 32650 | Gauntlet | Found a transporter.
 32728 | Gauntlet | Found a transporter.
 32745 | Gauntlet | Noticed an azure jelly
 32746 | Gauntlet | Noticed a stone giant
 32746 | Gauntlet | an azure jelly changed into a stone giant
 32747 | Gauntlet | Noticed a fenstrider witch
 32747 | Gauntlet | a stone giant changed into a fenstrider witch
 32748 | Gauntlet | Found a transporter.
 32752 | Gauntlet | Noticed a sphinx
 32752 | Gauntlet | a fenstrider witch changed into a sphinx
 32755 | Gauntlet | Noticed a fenstrider witch
 32759 | Gauntlet | Noticed a ghost moth
 32759 | Gauntlet | a boulder beetle changed into a ghost moth
 32762 | Gauntlet | Noticed an eleionoma
 32762 | Gauntlet | a fenstrider witch changed into an eleionoma
 32959 | Gauntlet | Reached skill level 14 in Spellcasting
 33023 | Gauntlet | Noticed a shadow dragon
 33024 | Gauntlet | Noticed an acid blob
 33024 | Gauntlet | a shadow dragon changed into an acid blob
 33026 | Gauntlet | Noticed an iron dragon
 33026 | Gauntlet | an acid blob changed into an iron dragon
 33030 | Gauntlet | Noticed an eleionoma
 33030 | Gauntlet | an iron dragon changed into an eleionoma
 33050 | Gauntlet | an eleionoma changed into an alligator snapping turtle
 33060 | Gauntlet | Noticed a frost giant
 33060 | Gauntlet | an alligator snapping turtle changed into a frost giant
 33061 | Gauntlet | Noticed an eleionoma
 33061 | Gauntlet | a frost giant changed into an eleionoma
 33062 | Gauntlet | Noticed a stone giant
 33062 | Gauntlet | an eleionoma changed into a stone giant
 33064 | Gauntlet | a stone giant changed into an alligator snapping turtle
 33069 | Gauntlet | Noticed a bunyip
 33087 | Gauntlet | a bunyip changed into a catoblepas
 33109 | Gauntlet | Noticed a minotaur
 33109 | Gauntlet | a catoblepas changed into a minotaur
 33115 | Gauntlet | Noticed an entropy weaver
 33115 | Gauntlet | a minotaur changed into an entropy weaver
 33117 | Gauntlet | Noticed an ettin
 33117 | Gauntlet | an entropy weaver changed into an ettin
 33148 | Gauntlet | Noticed a quicksilver dragon
 33149 | Gauntlet | a quicksilver dragon changed into an iron troll
 33150 | Gauntlet | Noticed a fire giant
 33150 | Gauntlet | an iron troll changed into a fire giant
 33155 | Gauntlet | Noticed a quicksilver dragon
 33155 | Gauntlet | a fire giant changed into a quicksilver dragon
 33162 | Gauntlet | Noticed a dire elephant
 33162 | Gauntlet | a quicksilver dragon changed into a dire elephant
 33164 | Gauntlet | Noticed a storm dragon
 33164 | Gauntlet | a dire elephant changed into a storm dragon
 33167 | Gauntlet | Noticed an azure jelly
 33167 | Gauntlet | a storm dragon changed into an azure jelly
 33172 | Gauntlet | Noticed a sphinx
 33172 | Gauntlet | an azure jelly changed into a sphinx
 33181 | Gauntlet | Identified the +0 hat "Utoen" {Harm rPois rF+ Int-5}
 33198 | Gauntlet | Reached skill level 10 in Conjurations
 33670 | Gauntlet | Noticed an eleionoma
 33678 | Gauntlet | Noticed a shadow dragon
 33689 | Gauntlet | Noticed a fenstrider witch
 33689 | Gauntlet | an eleionoma changed into a fenstrider witch
 33690 | Gauntlet | Noticed a fire giant
 33690 | Gauntlet | a fenstrider witch changed into a fire giant
 33732 | Gauntlet | Cast into level 2 of the Abyss (a wizard)
 33889 | Abyss:2  | Noticed a blizzard demon
 34191 | Abyss:2  | Gained mutation: You sometimes lose the ability to read
                  | scrolls when taking damage. [a neqoxec]
 34196 | Abyss:2  | Noticed a tentacled starspawn
 34207 | Abyss:2  | Found an iron altar of Okawaru.
 34231 | Abyss:2  | Found a shimmering altar of Xom.
 34422 | Abyss:2  | Gained mutation: You do not regenerate when monsters are
                  | visible. [a neqoxec]
 34431 | Abyss:2  | Noticed a tentacled starspawn
 34471 | Abyss:2  | Noticed a tentacled starspawn
 34536 | Abyss:2  | Noticed a dread lich
 34538 | Abyss:2  | Noticed a bone dragon
 34551 | Abyss:2  | Noticed a reaper
 34554 | Abyss:2  | HP: 2/63 [reaper/+2 scythe of pain[a dread lich] (37)]
 34652 | Abyss:2  | HP: 3/63 [nagaraja skeleton (9)]
 34653 | Abyss:2  | Slain by a nagaraja skeleton

Illustrated notes

Levels and vault maps discovered:
D:1:      scummos_arrival_simple_fountains, layout_basic,
          basic_ecumenical_altar, serial_bayou, serial_bayou_pond_c,
          serial_bayou_shore_a, serial_bayou_lagoon_b, serial_bayou_pond_c
D:2:      layout_loops_corners, serial_shops, shop_fountains, basic_altar,
          uniq_sigmund, uniq_natasha
D:3:      layout_loops_corners
D:4:      layout_basic, kennysheep_small_circle
D:5:      layout_layer_cave, nicolae_overflow_crystal_walls, temple_statues,
          gup_sewer_entry_spiral, st_stairs_2, minmay_misc_feat_ornament,
          minmay_shop_damaged, uniq_duvessa
D:6:      minmay_inner_zag, layout_basic, amcnicky_altar_gilded, uniq_pikel
D:7:      layout_basic, small_statue_intersection
D:8:      kennysheep_seaside_town, layout_gridville, fedhas_altar_fruit_tree,
          enter_bailey_8, grunt_ogre_cave, grunt_ministairs_5
D:9:      layout_rooms, old_standard_altar, orc_0_dummy, serial_shops,
          nicolae_stop_n_shop_1, hellmonk_guarded_unrand_zhor
D:10:     layout_long_grid, dpeg_oklobed_lair, serial_bayou,
          serial_bayou_crossing, serial_bayou_shore_b, serial_bayou_pond_d,
          serial_bayou_pond_c
D:11:     layout_roguey
D:12:     layout_rooms
D:13:     layout_loops_corners, david_vaults_5, uniq_frances, uniq_maurice,
          uniq_erolcha, uniq_sonja
D:14:     layout_cave_pools, serial_shops, nicolae_shop_bloodbath_and_beyond,
          chequers_serial_rivers_micro_e, gauntlet_entry_generic, uniq_jorgrun
Temple:   compressed_dpeg_circular_temple
Lair:1:   layout_long_grid, basic_altar, minivault_24, uniq_grum
Lair:2:   layout_cave_pods, lemuel_centaur_altar
Lair:3:   layout_small_grid, nicolae_spider_entry_tight_spaces,
          beast_lair_carwin_1, serial_bayou_shore_b, wad_woods_river_01
Abyss:2:  base: D:4, evilmike_abyss_exit_14, minivault_27, base: D:10,
          minivault_4
Gauntlet: gammafunk_gauntlet_one_two_three [nicolae_gauntlet_arena_x,
          gammafunk_gauntlet_arena_mazey,
          minmay_gauntlet_arena_make_your_own_arena,
          gammafunk_gauntlet_arena_open, nicolae_gauntlet_arena_grate_2,
          gammafunk_gauntlet_arena_spirals, nicolae_gauntlet_arena_blocks,
          gammafunk_gauntlet_arena_grid, nicolae_gauntlet_arena_quarters,
          gauntlet_exit_watery]

Skill      XL: |  1  2  3  4  5  6  7  8  9 10 11 12 13 |
---------------+----------------------------------------+-----
Dodging        | 2 3 4 |  4.0
Spellcasting   | 4 6 7 9 11 12 13 14 | 14.0
Ice Magic      | 5 7 8 |  8.0
Stealth        | 4 |  4.0
Translocations | 1 4 6 7 8 |  8.0
Maces & Flails | 2 6 8 9 |  9.4
Conjurations   | 2 7 10 | 10.0

Action                   |  1- 3 |  4- 6 |  7- 9 | 10-12 | 13-15 || total
-------------------------+-------+-------+-------+-------+-------++-------
Melee: Unarmed           |    16 |       |       |       |       ||    16
       Dagger            |    21 |    57 |       |       |       ||    78
       Whip              |       |    61 |   207 |   181 |       ||   449
       Punch             |       |       |     3 |     4 |     1 ||     8
       Demon whip        |       |       |       |    63 |    41 ||   104
       War axe           |       |       |       |       |   176 ||   176
 Fire: Longbow           |       |       |       |     5 |     4 ||     9
 Cast: Freeze            |    17 |    14 |   107 |   299 |    89 ||   526
       Frozen Ramparts   |     2 |     7 |    29 |    69 |    19 ||   126
       Ozocubu's Armour  |       |     2 |     8 |    25 |    14 ||    49
       Blink             |       |     1 |       |     3 |     1 ||     5
       Manifold Assault  |       |       |       |    19 |     4 ||    23
       Summon Ice Beast  |       |       |       |    10 |     7 ||    17
Invok: Call Merchant     |       |       |       |     2 |       ||     2
  Use: Scroll            |       |       |     8 |    23 |     6 ||    37
       Potion            |       |       |     3 |     4 |     6 ||    13
 Stab: Sleeping          |     4 |     2 |     2 |     1 |       ||     9
Armor: Robe              |    32 |    47 |   167 |    99 |       ||   345
       Animal skin       |       |       |       |   206 |   215 ||   421
Dodge: Dodged            |    37 |    84 |   219 |   329 |   233 ||   902
